 Dungeon Crawl Stone Soup version 0.31-a0-636-ge1c0e020e0 (webtiles) character file.

Game seed: 2153322190694495129

100 rvierbuc the Ruffian (level 4, -6/15 HPs)
             Began as a Troll Chaos Knight on Aug 27, 2023.
             Was a Plaything of Xom.
             Killed by nerve-wracking pain
             ... invoked by Grinder
              (12 damage)
             ... on level 3 of the Dungeon.
             The game lasted 00:05:01 (1489 turns).

rvierbuc the Ruffian (Troll Chaos Knight)           Turns: 1489, Time: 00:05:04

Health: -6/15      AC:  8    Str: 22    XL:     4   Next: 47%
Magic:  3/3        EV: 10    Int:  8    God:    Xom [...*..]
Gold:   101        SH:  0    Dex:  9    Spells: 3/3 levels left

rFire   . .          .
                       - Unarmed
rCold   . . .        (shield currently unavailable)
rNeg    . . .        a - +2 robe
rPois   .            (helmet restricted)
rElec   .            m - +1 cloak {rCorr}
rCorr   +            (gloves unavailable)
SInv    .            (boots unavailable)
Will    .....        (no amulet)
Stlth   +            r - +4 ring of slaying
HPRegen 1.02/turn    (no ring)
MPRegen 0.08/turn

%: no passive effects
@: flux-form, glowing
A: glow, contaminating, reduced hp, large, unfitting armour, claws 3,
regeneration 1, shaggy fur 1, tough skin 1
a: Begin Untransformation, Renounce Religion


You were on level 3 of the Dungeon.
You worshipped Xom.
You were a favourite toy of Xom.
You were something dangerously unstable.
You visited 1 branch of the dungeon, and saw 3 of its levels.

You collected 101 gold pieces.

Inventory:

Hand Weapons
 s - a +2 heavy mace
Armour
 a - a +2 robe (worn)
 m - a +1 cloak of preservation (worn)
Jewellery
 c - a ring of ice
 q - a ring of fire
 r - a +4 ring of slaying (left claw)
Talismans
 n - a flux talisman (active)
Wands
 p - a wand of flame (13)
Scrolls
 b - a scroll of butterflies
 d - 2 scrolls of blinking {unknown}
 e - a scroll of enchant armour {unknown}
 h - a scroll of immolation {unknown}
 l - 2 scrolls of teleportation {unknown}
 o - a scroll of poison {unknown}
Potions
 f - 2 potions of enlightenment {unknown}
 g - a potion of degeneration {unknown}
 i - a potion of lignification {unknown}
 j - 2 potions of haste {unknown}
 k - a potion of brilliance {unknown}


   Skills:
 + Level 3.1 Fighting
 + Level 2.2 Dodging
 + Level 0.1 Stealth
 + Level 4.2 Unarmed Combat
 + Level 0.4 Shapeshifting


You had 3 spell levels left.
You didn't know any spells.
Your spell library was empty.

Dungeon Overview and Level Annotations

Branches:
Dungeon (3/15)

Altars:
Ashenzari

Shops:
D:1 !

Annotations:
D:3 Grinder


Innate Abilities, Weirdness & Mutations

You are something dangerously unstable.
You glow with magical radiation, making you easy to see and hit.
Foes you strike become dangerously contaminated with magical radiation.
Your maximum health is decreased, since you lack skill for your form.
You are incapable of wielding weapons or throwing items.
You are too large for most types of armour.
You have claws for hands.
Your natural rate of healing is unusually fast.
You are covered in fur. (AC +1)
You have tough skin. (AC +1)


Message History

Things that are here:
a +0 flail; a +0 chain mail; the human corpse of Terence HP restored.
l - 2 scrolls labelled AJYUPHY YGGOCUUD (gained 1)
Things that are here:
a +0 flail; a +0 chain mail; the human corpse of Terence
Found a stone staircase leading down.
A hobgoblin comes into view.
The hobgoblin shouts!
Found a scroll labelled GIXZICS SARUE and a sedimented brown potion.
The hobgoblin barely misses you.
Grinder comes into view.
Grinder shouts!
You scratch the hobgoblin.
The hobgoblin begins to glow.
The hobgoblin is lightly wounded.
The hobgoblin barely misses you.
Grinder blinks!
You scratch the hobgoblin.
The hobgoblin glows dangerously bright.
The hobgoblin is heavily wounded.
The hobgoblin hits you.
Grinder blinks!
The hobgoblin barely misses you.
Found a broken altar of Ashenzari.
You scratch the hobgoblin.
You kill the hobgoblin!
You scratch Grinder.
Grinder begins to glow.
Grinder is lightly wounded.
Grinder hits you.
A shower of butterflies erupts from you!
You writhe in agony.
You scratch Grinder but do no damage.
Grinder glows dangerously bright.
Grinder is lightly wounded.
You claw Grinder!
Grinder shudders as magic cascades through her!
Grinder twists and deforms.
Grinder is severely wounded.
Grinder gestures at you. Pain shoots through your body!
Ouch! That really hurt!
You die...
Grinder says, "Now the real fun starts!"
Xom chortles!

#.# #.# #.# #.#
##########.###
#............#######
#.....b.....?#
#.####5####.. #.# #B#
##.## #.....# #.
##...###.b...#_# #.
##..........!.### #.
#.......#.#......
####.###.....##.#......
............###.###....
#####............# ####
....(......#####.


You could see Grinder (misshapen, ally target).

Vanquished Creatures
  Terence (D:3)
  Robin (D:2)
  A dart slug (D:1)
  An orc (D:3)
  4 bats
  3 endoplasms (D:2)
  2 giant cockroaches
  19 goblins
  8 hobgoblins
  3 jackals (D:1)
  2 kobolds (D:2)
  A quokka (D:2)
  6 frilled lizards
  A rat (D:1)
53 creatures vanquished.

Notes
Turn   | Place    | Note
-------+----------+-------------------------------------------
     0 | D:1      | rvierbuc the Troll Chaos Knight began the quest for the
                  | Orb.
     0 | D:1      | Reached XP level 1. HP: 22/22 MP: 0/0
    12 | D:1      | XOM: silly message
   149 | D:1      | Found Zatug's Distillery.
   218 | D:1      | XOM: cloud trail
   269 | D:1      | Reached XP level 2. HP: 26/29 MP: 1/1
   280 | D:1      | Found a faded altar of an unknown god.
   280 | D:1      | Noticed a shining eye
   288 | D:1      | Noticed a golden eye
   336 | D:1      | XOM is BORED!
   336 | D:1      | XOM: silly message
   337 | D:1      | XOM: silly message
   544 | D:1      | Noticed a great orb of eyes
   548 | D:1      | Noticed a shining eye
   651 | D:2      | XOM: silly message
   732 | D:2      | Reached XP level 3. HP: 36/36 MP: 2/2
   842 | D:2      | XOM is BORED!
  1004 | D:2      | XOM: divination: detect items
  1069 | D:2      | Noticed Robin
  1086 | D:2      | XOM: potion effect (attraction)
  1094 | D:2      | Killed Robin
  1385 | D:3      | Reached skill level 4 in Unarmed Combat
  1385 | D:3      | Reached XP level 4. HP: 13/45 MP: 3/3
  1438 | D:3      | Noticed Terence
  1446 | D:3      | Killed Terence
  1481 | D:3      | Noticed Grinder
  1485 | D:3      | Found a broken altar of Ashenzari.
  1487 | D:3      | XOM: butterfly on damage
  1489 | D:3      | Killed from afar by Grinder

Illustrated notes

Levels and vault maps discovered:
D:1:      minmay_arrival_four_houses, layout_basic, serial_shops,
          nicolae_square_shop, hellmonk_ecumenical_altar_watching_god,
          hangedman_decor_lopped
D:2:      layout_basic, uniq_robin
D:3:      layout_loops_ring, ashenzari_conservatory_becter, tgw_sif,
          uniq_jessica, uniq_terence, uniq_grinder

Skill      XL: |  1  2  3 |
---------------+----------+-----
Dodging        | 2 |  2.2
Fighting       | 3 |  3.1
Unarmed Combat | 4 |  4.2
Stealth        | |  0.1
Shapeshifting  | |  0.4

Action                     |  1- 3 |  4- 6 || total
---------------------------+-------+-------++-------
  Melee: Unarmed           |    96 |    20 ||   116
 Armour: Robe              |    41 |     4 ||    45
  Dodge: Dodged            |    45 |    11 ||    56
   Form: Flux              |     1 |       ||     1

Table legend: (Time is in decaauts)
 A = Elapsed time spent in this place.
 B = Non-inter-level travel time spent in this place.
 C = Inter-level travel time spent in this place.
 D = Time resting spent in this place.
 E = Time spent auto-exploring this place.
 F = Levels seen in this place.
 G = Mean time per level.
                   A        B        C        D        E       F      G
               +--------+--------+--------+--------+--------+-----+--------+
         Total |   1481 |   1423 |     58 |      0 |   1104 |   3 |  493.7 |
       Dungeon |   1481 |   1423 |     58 |      0 |   1104 |   3 |  493.7 |
               +--------+--------+--------+--------+--------+-----+--------+

Top non-repeatable levels by time:
     D:2: 758 daAuts
     D:1: 617 daAuts
     D:3: 105 daAuts
